 Dungeon Crawl Stone Soup version 0.30-a0-34-gbe8da3892a (webtiles) character file.

Game seed: 6561056201378007459

371 ytrimaz the Insei (level 6, -4/38 HPs)
             Began as an Octopode Transmuter on Aug 27, 2022.
             Slain by a gnoll
             ... wielding a +0 halberd
              (13 damage)
             ... on level 4 of the Dungeon.
             The game lasted 00:04:13 (4660 turns).

ytrimaz the Insei (Octopode Transmuter)             Turns: 4660, Time: 00:04:14

Health: -4/38      AC:  2    Str:  9    XL:     6   Next: 71%
Magic:  7/10       EV: 20    Int: 17    God:
Gold:   243        SH:  0    Dex: 24    Spells: 1/11 levels left

rFire   . . .      SeeInvis .      - Unarmed
rCold   . . .      Faith    .    (shield currently unavailable)
rNeg    . . .      Spirit   .    (helmet currently unavailable)
rPois   .          Reflect  .    (no amulet)
rElec   .          Harm     .    f - +6 ring of dexterity
rCorr   .          Rampage  .    g - ring of poison resistance
Will    .....                    (no ring)
Stlth   ++........               (no ring)
HPRegen 0.12/turn                (no ring)
MPRegen 0.12/turn                (no ring)
                                 (no ring)
                                 (no ring)

@: spider-form
A: venomous fangs, almost no armour, (amphibious), 8 rings, tiny, (camouflage
1), (gelatinous body 1), (nimble swimmer 1), (tentacles)
a: End Transformation


You were on level 4 of the Dungeon.
You were a venomous arachnid creature.
You visited 1 branch of the dungeon, and saw 4 of its levels.

You collected 243 gold pieces.

Inventory:

Jewellery
 f - a +6 ring of dexterity (left front leg)
 g - a ring of poison resistance (right front leg)
Wands
 c - a wand of iceblast (9)
 j - a wand of paralysis (5)
Scrolls
 d - 2 scrolls of poison
 i - a scroll of enchant weapon
 l - a scroll of fear
 m - a scroll of noise
 n - a scroll of butterflies
Potions
 a - a potion of lignification
 b - a potion of resistance
 e - a potion of mutation {unknown}
 h - a potion of heal wounds {unknown}
 k - a potion of brilliance
 o - 2 potions of flight {unknown}
 p - a potion of might {unknown}


   Skills:
 - Level 1.0 Fighting
 - Level 2.0 Dodging
 - Level 5.0 Unarmed Combat
 + Level 3.3 Spellcasting
 + Level 3.3 Transmutations
 * Level 3.7 Poison Magic


You had one spell level left.
You knew the following spells:

 Your Spells              Type           Power      Damage    Failure   Level
a - Beastly Appendage     Tmut           28%        N/A       13%         1
b - Wereblood             Tmut           14%        N/A       17%         2
c - Spider Form           Tmut/Pois      14%        N/A       28%         3
d - Ice Form              Ice/Tmut       8%         N/A       82%         4

Your spell library contained the following spells:

 Spells                   Type           Power      Damage    Failure   Level
 Apportation              Tloc           4%         N/A       36%         1
 Necrotise                Necr           8%         1d4       36%         1
 Summon Small Mammal      Summ           8%         N/A       36%         1
 Ignite Poison            Fire/Tmut/Pois 10%        N/A       38%         3
 Mephitic Cloud           Conj/Pois/Air  7%         N/A       52%         3
 Freezing Cloud           Conj/Ice/Air   1%         6-21      100%        5


Dungeon Overview and Level Annotations

Branches:
Dungeon (4/15)
 Temple: D:4-7

Altars:
Makhleb
Ru
Wu Jian


Innate Abilities, Weirdness & Mutations

You are a venomous arachnid creature.
You have poisonous fangs.
You are tiny and dextrous.
Your spellcasting is less reliable in this form.
Your armour is entirely melded.
You are incapable of wielding weapons or throwing items.
You cannot wear most types of armour.
((You are amphibious.))
You can wear up to eight rings at the same time.
((Your skin changes colour to match your surroundings (Stealth+).))
((Your rubbery body absorbs attacks. (AC +1, EV +1)))
((You are camouflaged when in or above water. (Stealth+)))
((You have tentacles for arms and can constrict up to eight enemies at once.))


Message History

The worm is severely wounded.
The worm completely misses you.
Unknown command.
You hit the worm.
The worm looks as sick as possible!
The worm is severely wounded.
You bite the worm!
You kill the worm!
Your transformation is almost over.
Your transformation has ended.
A gnoll is nearby!
A gnoll is nearby!
A gnoll is nearby!
A gnoll is nearby!
The gnoll shouts!
Casting: Spider Form (dangerous; 12% risk of failure)
Confirm with . or Enter, or press ? or * to list all spells.
You turn into a venomous arachnid creature.
The gnoll hits you with a +0 halberd!
You hit the gnoll.
The gnoll is poisoned.
The gnoll is lightly wounded.
You hit the gnoll but do no damage.
The gnoll looks as sick as possible!
The gnoll is lightly wounded.
The gnoll hits you with a +0 halberd!
You are too injured to fight recklessly!
You hit the gnoll but do no damage.
The gnoll looks as sick as possible!
The gnoll is heavily wounded.
The gnoll closely misses you.
Unknown command.
You hit the gnoll but do no damage.
The gnoll is heavily wounded.
The gnoll hits you with a +0 halberd!
* * * LOW HITPOINT WARNING * * *
You hit the gnoll.
The gnoll looks as sick as possible!
The gnoll is severely wounded.
The gnoll misses you.
Unknown command.
You hit the gnoll but do no damage.
The gnoll looks as sick as possible!
The gnoll is severely wounded.
The gnoll hits you with a +0 halberd!
You die...

##########..###..###........#
#....................#.######
#.########.#####..#....# #.#
#.# ##.>.##.# #)# #.#
######.###### #.# ###.###
#....... #.# #.....# #.######
#.######.###.#########.######
#.#......# #s................
#.#.####.###g########.#######
#.#.# #.....########.# #g#.#
##..........##.# ##.#.#
##########.##.# ##..#.#
#.##.# ##.....#
##########....# #.....##
#..........#### ##...##
#.######.###


You could see a gnoll (extremely poisoned).

Vanquished Creatures
  2 orc priests (D:3)
  3 orc wizards (D:3)
  5 adders
  10 gnolls
  A shadow imp (D:4)
  A worm (D:4)
  3 dart slugs
  13 orcs
  2 ball pythons
  2 bats
  4 endoplasms
  A giant cockroach (D:4)
  3 goblins
  7 hobgoblins
  2 jackals (D:1)
  6 kobolds
  3 quokkas
  7 rats
75 creatures vanquished.

Notes
Turn   | Place    | Note
-------+----------+-------------------------------------------
     0 | D:1      | ytrimaz the Octopode Transmuter began the quest for the
                  | Orb.
     0 | D:1      | Reached XP level 1. HP: 13/13 MP: 3/3
   200 | D:1      | Reached XP level 2. HP: 18/18 MP: 3/5
  1051 | D:2      | Reached skill level 4 in Unarmed Combat
  1051 | D:2      | Reached XP level 3. HP: 15/23 MP: 4/6
  1324 | D:2      | Found a faded altar of an unknown god.
  1577 | D:2      | Found a burning altar of Makhleb.
  1591 | D:2      | Reached XP level 4. HP: 16/28 MP: 7/7
  2052 | D:2      | Learned a level 2 spell: Wereblood
  2056 | D:2      | Learned a level 3 spell: Spider Form
  2075 | D:3      | Reached skill level 5 in Unarmed Combat
  2356 | D:3      | Reached skill level 1 in Poison Magic
  2676 | D:3      | Reached XP level 5. HP: 30/33 MP: 1/8
  2814 | D:3      | HP: 1/33 [orc/iceblast (11)]
  3074 | D:3      | Reached XP level 6. HP: 28/38 MP: 5/10
  3844 | D:3      | Learned a level 4 spell: Ice Form
  3969 | D:4      | Found an ornate altar of the Wu Jian Council.
  3969 | D:4      | Found a sacrificial altar of Ru.
  4660 | D:4      | Slain by a gnoll

Illustrated notes

Levels and vault maps discovered:
D:1:      lemuel_arrival_lava_pool, layout_loops_ring, corner_web_ring
D:2:      layout_rooms, basic_altar, basic_ecumenical_altar, grunt_ministairs_5,
          minmay_misc_feat_roman
D:3:      layout_loops_cross, kennysheep_generic_room_9
D:4:      minmay_polygon_palace, layout_loops_ring,
          gammafunk_temple_overflow_elements

Skill      XL: |  1  2  3  4  5  6 |
---------------+-------------------+-----
Unarmed Combat | 4 5 |  5.0
Poison Magic   | 1 2 3 |  3.7
Spellcasting   | 3 |  3.3
Transmutations | 3 |  3.3
Fighting       | |  1.0
Dodging        | |  2.0

Action                   |  1- 3 |  4- 6 || total
-------------------------+-------+-------++-------
Melee: Unarmed           |    50 |   144 ||   194
       Constrict         |    17 |    16 ||    33
       Kick              |    10 |     6 ||    16
       Tentacles         |     8 |    11 ||    19
       Punch             |       |     2 ||     2
 Cast: Beastly Appendage |    16 |    14 ||    30
       Spider Form       |       |    13 ||    13
       Wereblood         |       |     3 ||     3
  Use: Scroll            |     7 |     8 ||    15
       Potion            |       |     3 ||     3
 Stab: Sleeping          |     3 |     7 ||    10
Armor: Skin              |     6 |     6 ||    12
Dodge: Dodged            |    26 |    75 ||   101

Table legend: (Time is in decaauts)
 A = Elapsed time spent in this place.
 B = Non-inter-level travel time spent in this place.
 C = Inter-level travel time spent in this place.
 D = Time resting spent in this place.
 E = Time spent auto-exploring this place.
 F = Levels seen in this place.
 G = Mean time per level.
                   A        B        C        D        E       F      G
               +--------+--------+--------+--------+--------+-----+--------+
         Total |   4656 |   4594 |     62 |    624 |   3288 |   4 | 1164.0 |
       Dungeon |   4656 |   4594 |     62 |    624 |   3288 |   4 | 1164.0 |
               +--------+--------+--------+--------+--------+-----+--------+

Top non-repeatable levels by time:
     D:3: 1548 daAuts
     D:2: 1310 daAuts
     D:1: 1011 daAuts
     D:4: 785 daAuts
